 Dungeon Crawl Stone Soup version 0.29.1-1-gd02db6906a (webtiles) character file.

Game seed: 9056049280066539160

168 ImASeal the Shield-Bearer (level 5, -6/53 HPs)
             Began as a Troll Fighter on Oct 5, 2022.
             Mangled by an orc
             ... wielding a +0 flail
              (8 damage)
             ... on level 3 of the Dungeon.
             The game lasted 00:04:05 (1857 turns).

ImASeal the Shield-Bearer (Troll Fighter)           Turns: 1857, Time: 00:04:06

Health: -6/53      AC:  4    Str: 26    XL:     5   Next: 23%
Magic:  4/4        EV:  9    Int: 10    God:
Gold:   37         SH:  7    Dex:  9    Spells: 4/4 levels left

rFire   . . .      SeeInvis .   y - +3 war axe (vorpal)
rCold   . . .      Faith    .   c - +0 kite shield
rNeg    . . .      Spirit   .   b - +0 robe
rPois   .          Reflect  .   (helmet restricted)
rElec   .          Harm     .   (no cloak)
rCorr   .          Rampage  .   (gloves unavailable)
Will    .....                   (boots unavailable)
Stlth   +.........              (no amulet)
HPRegen 0.97/turn               f - +6 ring of intelligence
MPRegen 0.09/turn               (no ring)

@: no status effects
A: large, unfitting armour, claws 3, regeneration 1, shaggy fur 1, tough skin 1
a: no special abilities


You were on level 3 of the Dungeon.
You visited 1 branch of the dungeon, and saw 3 of its levels.

You collected 135 gold pieces.
You spent 98 gold pieces at shops.

Inventory:

Hand Weapons
 y - a +3 vorpal war axe (weapon)
Missiles
 g - 7 boomerangs (quivered)
 h - 18 stones
 n - 5 large rocks
 r - 7 poisoned darts
Armour
 b - a +0 robe (worn)
 c - a +0 kite shield (worn)
Jewellery
 f - a +6 ring of intelligence (left claw)
 q - a ring of magical power
Scrolls
 k - 2 scrolls of vulnerability {unknown}
 l - a scroll of immolation {unknown}
 m - a scroll of magic mapping {unknown}
 o - a scroll of enchant armour {unknown}
 p - 2 scrolls of noise {unknown}
 s - a scroll of poison {unknown}
 t - a scroll of fear {unknown}
 u - a scroll of identify {unknown}
 v - a scroll of torment {unknown}
Potions
 d - a potion of might
 e - a potion of cancellation {unknown}
 i - a potion of degeneration {unknown}
 j - a potion of curing
 w - a potion of flight {unknown}
 x - a potion of magic {unknown}
 z - a potion of brilliance {unknown}
 A - a potion of attraction {unknown}


   Skills:
 * Level 3.1 Fighting
 + Level 3.1 Axes
 + Level 3.1 Dodging
 + Level 3.2 Shields


You had 4 spell levels left.
You didn't know any spells.
Your spell library contained the following spells:

 Spells                   Type           Power      Damage    Failure   Level
 Magic Dart               Conj           0%         1d3       65%         1
 Call Imp                 Summ           0%         N/A       80%         2
 Mephitic Cloud           Conj/Pois/Air  0%         N/A       95%         3


Dungeon Overview and Level Annotations

Branches:
Dungeon (3/15)

Altars:

Shops:
D:3 =*


Innate Abilities, Weirdness & Mutations

You are too large for most types of armour.
You have claws for hands.
Your natural rate of healing is unusually fast.
You are covered in fur. (AC +1)
You have tough skin. (AC +1)


Message History

Something hits you but does no damage.
You hear some strange, mumbled words.
A puff of flame appears from out of thin air!
The puff of flame hits something!
You closely miss something.
You feel very sick. You block something's attack. Something hits you.
* * * LOW HITPOINT WARNING * * *
A magic dart appears from out of thin air!
The magic dart hits something.
You slash something!
Reactivating autopickup.
You feel a bit more experienced.
You feel sick.
You have reached level 5!
Deactivating autopickup; reactivate with Ctrl-A.
You barely miss something.
You feel sick.
You hear some strange, mumbled words.
Something tries to affect you, but you resist.
Something hits you.
* * * LOW HITPOINT WARNING * * *
You are lethally poisoned!
It was a potion of curing.
You feel better.
You hear some strange, mumbled words.
A magic dart appears from out of thin air!
The magic dart hits you.
* * * LOW HITPOINT WARNING * * *
You miss something. Something hits you.
* * * LOW HITPOINT WARNING * * *
You slash something!
Reactivating autopickup.
You feel a bit more experienced. The orc hits you with a +0 flail.
* * * LOW HITPOINT WARNING * * *
You hit the orc but do no damage. The orc hits you but does no damage.
You closely miss the orc. The orc hits you with a +0 flail.
* * * LOW HITPOINT WARNING * * *
The orc barely misses you.
You hit the orc.
The orc is moderately wounded.
The orc hits you with a +0 flail!
You die...

###########
####
#.........#
...#
#.#######.#
##.# #.# #.#
##.#####.# #.#
..#......# #.#
##.####### #.#
##..# #.#
.##.###### #@#
.#~......# #o#
##~.####.# #.#
#~~~# #.# #.#
#~~## #.# #.#
~~## #.#####
#.#
~~######.....#
#.#
~##..........#
#.#
~###########.#


You could see an orc.

Vanquished Creatures
  2 orc wizards (D:3)
  6 adders
  A worm (D:2)
  A dart slug (D:2)
  5 orcs (D:3)
  2 endoplasms (D:3)
  3 giant cockroaches
  2 goblins
  3 hobgoblins
  2 jackals (D:2)
  4 quokkas
  4 ball pythons
  4 bats
  4 frilled lizards
  6 kobolds
  6 rats
55 creatures vanquished.

Vanquished Creatures (others)
  An orc wizard (D:3)
1 creature vanquished.

Grand Total: 56 creatures vanquished

Notes
Turn   | Place    | Note
-------+----------+-------------------------------------------
     0 | D:1      | ImASeal the Troll Fighter began the quest for the Orb.
     0 | D:1      | Reached XP level 1. HP: 22/22 MP: 0/0
   219 | D:1      | Found a faded altar of an unknown god.
   455 | D:1      | Reached XP level 2. HP: 29/29 MP: 1/1
   498 | D:2      | You fall into a shaft and drop 1 floor!
   851 | D:2      | Reached XP level 3. HP: 26/36 MP: 2/2
  1333 | D:3      | Reached XP level 4. HP: 44/44 MP: 3/3
  1362 | D:3      | Found Giciekob's Jewellery Emporium.
  1427 | D:3      | Found Efrel's Assorted Antiques.
  1433 | D:3      | Bought a scroll labelled WUGGIP OZEXUBB for 26 gold pieces
  1433 | D:3      | Bought an orange potion for 23 gold pieces
  1433 | D:3      | Bought a scroll labelled WYAMPO LEMIAR for 26 gold pieces
  1433 | D:3      | Bought a golden potion for 23 gold pieces
  1851 | D:3      | Reached XP level 5. HP: 9/53 MP: 4/4
  1856 | D:3      | HP: 1/53 [orc/+0 flail (6)]
  1857 | D:3      | Mangled by an orc

Illustrated notes

Levels and vault maps discovered:
D:1:      minmay_arrival_doors, layout_rooms, chequers_ecumenical_altar_island
D:2:      layout_basic, serial_rivers, chequers_serial_rivers_large_a,
          chequers_serial_rivers_micro_c, chequers_serial_rivers_micro_d,
          chequers_serial_rivers_micro_e, chequers_serial_rivers_marsh
D:3:      layout_loops_ring, serial_shops, nicolae_shop_hallway_plus,
          nicolae_shop_stone, minmay_crystal_water,
          chequers_serial_rivers_large_b, grunt_ministairs_12, minmay_bisected

Skill      XL: |  1  2  3  4 |
---------------+-------------+-----
Axes           | 2 3 |  3.1
Shields        | 3 |  3.2
Dodging        | 3 |  3.1
Fighting       | 3 |  3.1

Action                   |  1- 3 |  4- 6 || total
-------------------------+-------+-------++-------
Melee: War axe           |   123 |    54 ||   177
  Use: Potion            |       |     1 ||     1
Armor: Robe              |    44 |    21 ||    65
Dodge: Dodged            |    42 |    19 ||    61
Block: Kite shield       |    61 |    18 ||    79
